nyob, lawful female dwarven Valkyrie ---- ---..| --- --- --....| --.. ---- ------ ------ ..| --.....| |...---..-- --....| --....----.. |.....-- |.........| --.....| ------.........- -------..--- -........| |.....-----..|.........>-- ---....--..---------......-- |-...--|................| |..........................-- |....---..............--- |.............-----.........-- |.....|...............| --.--.........| |...........----......--.--..........| -- |.....---.| |......?............------|..........| |.....----- |..................-- |..^.-.----- ---.<..| --..................| ---....| |...-| |...................----------..------------ - ----...-- |...................II...I...................| ---..|-...| ---........----.....I.-------.---------------- |....|....| --.......| |........| |...| |...(...--- |.......| ----.....| -.--- --......| ---.....| --....| |..| ----.--- --.|.-- ------ |..| --- ----- ---- nyob the Fighter Experience level: 6 Strength: 18/05 Dexterity: 14 Constitution: 15 Intelligence: 8 Wisdom: 11 Charisma: 8 Health: 0(51) Energy: 9(9) Def: 9 Gold: 80 Moves: 3020 Dungeon seed: Mjy6C9eUDaYi_cHL Game ID: nyob_1522443620 Your Inventory: Coins $ - 80 gold pieces Weapons a - a +1 long sword (weapon in hand) b - a +0 dagger (in quiver) F - 2 +0 orcish daggers G - a +0 boomerang J - a +0 halberd Q - a +0 bardiche Armor e - an uncursed +3 small shield (being worn) r - an uncursed +1 orcish helm (being worn) y - an uncursed +0 studded leather armor (being worn) Scrolls j - 2 cursed scrolls of identify k - an uncursed scroll of identify m - an uncursed scroll of identify o - a blessed scroll of identify p - an uncursed scroll of identify s - an uncursed scroll of identify t - an uncursed scroll of teleportation u - an uncursed scroll of teleportation T - a blessed scroll of enchant weapon W - an uncursed scroll of confuse monster Potions L - an uncursed potion of object detection named object detection S - an uncursed potion of water Wands g - a wand of lightning (0:6) Tools d - an uncursed oil lamp (lit) (0:1183) A - an uncursed skeleton key E - an uncursed tin whistle H - an uncursed mirror M - an uncursed mirror O - an uncursed sack Gems n - 4 uncursed worthless pieces of violet glass q - an uncursed jade stone z - 2 uncursed worthless pieces of blue glass I - an uncursed worthless piece of red glass N - an uncursed agate stone P - an uncursed worthless piece of white glass R - an uncursed fluorite stone U - 2 uncursed jasper stones V - an uncursed worthless piece of green glass X - an uncursed worthless piece of orange glass Y - 3 uncursed worthless pieces of yellow glass Z - an uncursed emerald Spells and supernatural/magical abilities: Name Level Category Fail Memory W - pray for help -- divine ? -- Your skills at the end: Fighting Skills Weapon Skills dagger [Basic] long sword [Skilled] Spellcasting Skills Final Attributes: You were piously aligned. You were cold resistant. You were hallucinating. You were blinded. You had infravision. You were stealthy. You are dead. Vanquished creatures: a giant spider a dwarf mummy a lizard a dust vortex a wood nymph a water nymph a rock mole a pony a yellow light a violet fungus a gnomish wizard a red naga hatchling a golden naga hatchling 2 kittens a homunculus 2 hill orcs a rothe 6 monkeys 2 iguanas 2 acid blobs a gas spore a hobbit 4 manes a large kobold a hobgoblin 2 giant rats a yellow mold a green mold 5 gnomes 4 jackals 2 foxes 2 kobolds 2 goblins 5 sewer rats 3 grid bugs 2 bats 2 lichens 3 kobold zombies 3 newts and a partridge in a pear tree 74 creatures vanquished. Voluntary challenges: You had followed a strict vegan diet until turn 2369. You had followed a strict vegetarian diet until turn 2369. You had been an atheist until turn 3016. You used a wielded weapon 75 times, starting on turn 100. You read items or engraved 1 time, starting on turn 735. You never genocided any monsters. You never polymorphed an object. You never changed form. You used no wishes. You never split a pudding. You never wrote Elbereth's name. You never violated your personal moral code. Dungeon overview: The Dungeons of Doom: levels 1 to 4 Level 1 a long staircase Level 2 an altar to Odin, a fountain, a sink Level 3 a scroll shop, a fountain, a sink Level 4 a general store stairs to The Gnomish Mines The Gnomish Mines: levels 5 to 10 Level 5 stairs to The Dungeons of Doom Level 6 Level 7 some shops, a temple to Odin, some fountains, a sink Level 8 Level 9 <- You were here Level 10 History has recorded: On T:1 you entered the Dungeons of Doom to retrieve the Amulet of Yendor! On T:310 you reached level 2 of The Dungeons of Doom. On T:513 you advanced to experience level 2. On T:589 you reached level 3 of The Dungeons of Doom. On T:733 you advanced to experience level 3. On T:910 you reached level 4 of The Dungeons of Doom. On T:1350 you reached level 1 of The Gnomish Mines. On T:1428 you advanced to experience level 4. On T:1618 you reached level 2 of The Gnomish Mines. On T:1835 you advanced to experience level 5. On T:2010 you reached level 3 of The Gnomish Mines. On T:2184 you advanced to experience level 6. On T:2350 you reached level 4 of The Gnomish Mines. On T:2638 you reached level 5 of The Gnomish Mines. On T:2804 you reached level 6 of The Gnomish Mines. Score breakdown: Gold: 80 ( 6492 points) Experience: 6 levels (12456 points) Exploration: 10 levels ( 20.00%) (12857 points) Discoveries: 8 items ( 3.27%) ( 5421 points) Valuables value: (no points given unless you survive) Artifact value: 0 ( 0 points) Variety of kills: 39 monsters ( 10.24%) ( 9598 points) Turncount: 3020 turns ( -609 points) Survival: died (score multiplied by 80%) Total score: 36972 Latest messages: It misses. It bites! It misses. Far out! A light show! The tengu bites! You hit the hobgoblin! The pit viper bites! You hit the red mold! The baby yellow dragon bites! The black light blinds you! It bites! You kill it! It misses. It just misses! It misses. (2x) You begin praying to Tyr. You feel something move nearby. (4x) You feel that Tyr is pleased as punch. It bites! (2x) It misses. You miss it. It bites! It just misses! It bites! You die... Final status: Farvel nyob the Valkyrie, killed by a raven... You died in The Gnomish Mines on dungeon level 9 with 36972 points, and 80 pieces of gold, after 3020 moves. You were level 6 with a maximum of 51 hit points when you died.